 Dungeon Crawl Stone Soup version 0.20.1-1-g8b1a95d (webtiles) character file.

108 Monsterracer the Insei (level 4, 0/35 HPs)
             Began as a Vampire Monk on Aug 22, 2017.
             Was a Follower of Ru.
             Succumbed to a scorpion's poison
             ... on level 4 of the Dungeon.
             The game lasted 00:05:42 (2407 turns).

Monsterracer the Insei (Vampire Monk)               Turns: 2407, Time: 00:05:43

Health: 0/35       AC:  5    Str: 11    XL:     4   Next: 58%
Magic:  4/4        EV: 12    Int: 12    God:    Ru [*.....]
Gold:   138        SH:  0    Dex: 16    Spells: 3/3 levels left

rFire    + . .     SeeInvis +     - Unarmed
rCold    . . .     Gourm    .   (no shield)
rNeg     . . .     Faith    .   m - +0 ring mail (curse)
rPois    .         Spirit   .   (no helmet)
rElec    .         Reflect  .   (no cloak)
rCorr    .         Harm     .   u - -2 pair of gloves (curse)
MR       +....                  p - +0 pair of boots
Stlth    ++........             (no amulet)
Regen    0.4/turn               j - ring of flight
MPRegen  0.1/turn               t - ring of protection from fire

@: lethally poisoned (0 -> -4), regenerating quickly
A: fangs 3, see invisible, deterioration 1, magic resistance 1, unbreathing, no
potion heal 1, subdued magic 1, inability to train armour
a: Renounce Religion, Evoke Flight


You were on level 4 of the Dungeon.
You worshipped Ru.
Ru was aware of your devotion.
You were full.

You visited 1 branch of the dungeon, and saw 4 of its levels.

You collected 138 gold pieces.

Inventory:

Armour
 m - a cursed +0 ring mail (worn)
 p - a +0 pair of boots (worn)
 u - a cursed -2 pair of gloves (worn)
Jewellery
 j - a ring of flight (left hand)
 t - a ring of protection from fire (right hand)
Scrolls
 c - 2 scrolls of remove curse {unknown}
 d - 4 scrolls of teleportation {unknown}
 f - 4 scrolls of identify {unknown}
 g - 2 scrolls of noise {unknown}
 i - 2 scrolls of enchant armour {unknown}
 l - 2 scrolls of amnesia {unknown}
 n - a scroll of fog {unknown}
 q - a scroll of blinking {unknown}
 s - a scroll of enchant weapon {unknown}
Potions
 a - a potion of invisibility {unknown}
 b - 23 potions of blood
 h - a potion of degeneration {unknown}
 k - a potion of ambrosia {unknown}
 o - a potion of agility {unknown}
 r - a potion of haste {unknown}


   Skills:
 + Level 3.1 Fighting
 + Level 3.8 Dodging
 - Level 3.0 Stealth
 * Level 5.2 Unarmed Combat


You had 3 spell levels left.
You didn't know any spells.

Dungeon Overview and Level Annotations

Branches:
Dungeon (4/15)
 Temple: D:4-7

Altars:
Ashenzari
Cheibriados
Gozag
Nemelex Xobeh
Qazlal
Ru
Yredelemnul
The Shining One


Innate Abilities, Weirdness & Mutations

Your natural rate of healing is unusually fast.
You have razor-sharp teeth.
You have supernaturally acute eyesight. (SInv)
You can survive without breathing.
You cannot train Armour skill.
Your body sometimes deteriorates upon taking damage.
You are resistant to hostile enchantments. (MR+)
Potions are less effective at restoring your health.
Your spells are a little easier to cast, but a little less powerful.


Message History

You are lethally poisoned!
The scorpion poisons you!
Huge Dmg: -17%(-6hp) hp: 6%(2hp)
You closely miss the scorpion.
The scorpion is severely wounded.
* * * LOW HITPOINT WARNING * * *
You feel sick. The scorpion closely misses you.
Unknown command.
Okay, then.
Okay, then.
You hear the hiss of a very distant avalanche of sand.
* * * LOW HITPOINT WARNING * * *
You feel sick.
Huge Dmg: -3%(-1hp) hp: 3%(1hp) It was a potion of mutation.
You feel extremely strange.
Your connection to magic feels subdued.
Your system partially rejects the healing effects of potions.
You feel yourself wasting away.
You feel resistant to hostile enchantments.
You die...

#############################
................@s..........#
#########........##########.#
........'........# #.#
#########........# #.##
#................# #<.#
#.###..##........# ##.##
#..<#..##........# #..#
#####..########### ##.#
.......##### #.##


You could see a scorpion.

Vanquished Creatures
  3 adders
  An adder skeleton (D:4)
  3 worms
  2 dart slugs
  A leopard gecko (D:2)
  An orc (D:3)
  7 bats
  3 giant cockroaches
  7 goblins
  4 hobgoblins
  8 jackals
  2 quokkas
  A ball python (D:1)
  7 frilled lizards
  9 kobolds
  4 rats (D:1)
63 creatures vanquished.

Vanquished Creatures (others)
  5 toadstools (D:1)
5 creatures vanquished.

Grand Total: 68 creatures vanquished

Notes
Turn   | Place    | Note
-------+----------+-------------------------------------------
     0 | D:1      | Monsterracer the Vampire Monk began the quest for the Orb.
     0 | D:1      | Reached XP level 1. HP: 17/17 MP: 1/1
   171 | D:1      | Reached skill level 4 in Unarmed Combat
   171 | D:1      | Reached XP level 2. HP: 23/23 MP: 2/2
   195 | D:1      | HP: 11/23 [kobold (1)]
   357 | D:1      | Found a shattered altar of Ashenzari.
   973 | D:2      | Reached XP level 3. HP: 28/28 MP: 3/3
  1128 | D:2      | Found a glowing golden altar of the Shining One.
  1142 | D:2      | Found an opulent altar of Gozag.
  1554 | D:3      | Found a sparkling altar of Nemelex Xobeh.
  1650 | D:3      | Found a sacrificial altar of Ru.
  1650 | D:3      | Found a basalt altar of Yredelemnul.
  1673 | D:3      | Became a worshipper of Ru the Awakened
  1687 | D:3      | Gained mutation: You cannot train Armour skill. [Ru sacrifice]
  1687 | D:3      | Reached * piety under Ru
  1697 | D:3      | Found a stormy altar of Qazlal.
  1881 | D:3      | Reached skill level 5 in Unarmed Combat
  1881 | D:3      | Reached XP level 4. HP: 30/34 MP: 4/4
  2057 | D:3      | Found a snail-covered altar of Cheibriados.
  2322 | D:4      | HP: 16/35 [worker ant (5)]
  2389 | D:4      | HP: 15/35 [scorpion (7)]
  2399 | D:4      | HP: 11/35 [scorpion (6)]
  2404 | D:4      | HP: 2/35 [scorpion (6)]
  2407 | D:4      | Gained mutation: Your spells are a little easier to cast, but a little less powerful. [potion of mutation]
  2407 | D:4      | Gained mutation: Potions are less effective at restoring your health. [potion of mutation]
  2407 | D:4      | Gained mutation: Your body sometimes deteriorates upon taking damage. [potion of mutation]
  2407 | D:4      | Gained mutation: You are resistant to hostile enchantments. (MR+) [potion of mutation]
  2407 | D:4      | Succumbed to a scorpion's poison

Skill      XL: |  1  2  3  4 |
---------------+-------------+-----
Unarmed Combat | 4 5 |  5.2
Fighting       | 3 |  3.1
Dodging        | |  3.8
Stealth        | |  3.0

Action                   |  1- 3 |  4- 6 || total
-------------------------+-------+-------++-------
Melee: Unarmed           |   160 |    59 ||   219
       Bite              |    13 |     8 ||    21
       Punch             |     3 |       ||     3
Invok: Sacrifice Durabil |     1 |       ||     1
 Abil: End Transformatio |       |     1 ||     1
       Bat Form          |       |     1 ||     1
  Use: Potion            |     8 |     3 ||    11
 Stab: Sleeping          |     4 |     1 ||     5
       Distracted        |     1 |       ||     1
Armor: Robe              |     7 |       ||     7
       Ring mail         |    25 |    12 ||    37
Dodge: Dodged            |   101 |    35 ||   136
